Get step-by-step instructions on how to execute this build order below. Start the game timer, and the build order will tick by so you can play in parallel with StarCraft on a second screen or mobile device.

Game Time

  0:00

Last Step

  N/A

Next Step

Upcoming Step



Don't want to look back and forth between 2 screens? Try out our Overwolf App, the Spawning Tool Build Advisor to get an in-game overlay with this build!

Complete Build Order

  8  0:00  Drone  
  9  0:10  Drone  
  10  0:16  Drone  
  11  0:27  Overlord  
  11  0:33  Drone  
  12  0:45  Drone x2  
  14  0:50  Drone  
  15  1:02  Drone  
  16  1:06  Spawning Pool  
  16  1:10  Drone  
  16  1:20  Drone  
  17  1:36  Hatchery  
  17  1:39  Drone  
  17  1:44  Overlord  
  17  1:55  Queen  
  17  1:57  Extractor  
  17  2:01  Drone  
  19  2:04  Drone  
  20  2:09  Drone  
  21  2:19  Zergling x2  
  22  2:30  Overlord  
  22  2:31  Queen  
  24  2:40  Drone  
  25  2:53  Hatchery  
  25  2:54  Drone  
  25  2:57  Drone  
  26  3:00  Zergling x2  
  26  3:03  Drone  
  28  3:06  Drone  
  28  3:10  Drone  
  30  3:16  Drone x3  
  33  3:25  Queen  
  35  3:29  Drone  
  35  3:33  Overlord  
  36  3:36  Metabolic Boost  
  36  3:41  Drone x2  
  36  3:44  Drone  
  36  3:45  Drone  
  40  3:49  Overlord  
  40  3:53  Drone x2  
  42  3:59  Queen  
  44  4:05  Queen  
  46  4:11  Drone x3  
  46  4:13  Zergling x4  
  51  4:17  Drone  
  51  4:20  Drone x3  
  55  4:28  Overlord  
  55  4:29  Queen  
  57  4:32  Drone x2  
  59  4:38  Overlord  
  59  4:40  Drone  
  59  4:43  Overlord  
  59  4:45  Lair  
  60  4:48  Drone x2  
  60  4:49  Drone  
  60  4:50  Drone  
  60  4:52  Drone x2  
  66  4:57  Zergling x4  
  66  4:58  Overlord  
  68  5:06  Drone x4  
  72  5:09  Drone x4  
  76  5:14  Drone, Extractor  
  76  5:15  Baneling Nest  
  76  5:17  Spore Crawler  
  76  5:19  Drone x5  
  79  5:29  Overlord  
  79  5:30  Evolution Chamber  
  79  5:31  Drone x2  
  79  5:33  Queen  
  79  5:35  Extractor  
  81  5:36  Overlord  
  81  5:41  Extractor  
  81  5:42  Hatchery  
  79  5:44  Zergling x10  
  79  5:48  Queen  
  86  5:53  Overlord  
  86  5:55  Drone, Overlord  
  87  5:57  Drone  
  87  6:00  Evolution Chamber, Zerg Ground Armor Level 1  
  87  6:01  Overlord  
  87  6:02  Zergling x2  
  87  6:03  Centrifugal Hooks  
  88  6:06  Zergling x4  
  88  6:08  Overseer  
  89  6:11  Zergling x8  
  89  6:17  Drone x5  
  98  6:23  Zergling x12  
  104  6:32  Drone x2  
  102  6:37  Zerg Melee Weapons Level 1  
  102  6:41  Extractor  
  102  6:42  Infestation Pit  
  102  6:45  Zergling x12  
  102  6:46  Baneling  
  106  6:47  Baneling x6  
  106  6:48  Overlord  
  106  6:56  Drone x7  
  106  7:00  Queen  
  115  7:04  Drone x4  
  119  7:11  Hydralisk Den  
  119  7:12  Overlord  
  119  7:13  Drone x3  
  119  7:14  Overlord  
  121  7:18  Hive  
  121  7:21  Zergling x6  
  124  7:25  Baneling x3  
  124  7:26  Overlord  
  124  7:29  Zergling x22  
  135  7:34  Spore Crawler  
  135  7:36  Drone x4  
  138  7:39  Overlord  
  138  7:40  Hatchery  
  138  7:41  Grooved Spines  
  138  7:42  Infestor  
  139  7:47  Baneling x2  
  139  7:49  Zergling x10, Overseer  
  143  7:55  Extractor  
  142  8:01  Zergling x18  
  149  8:07  Hydralisk x6  
  161  8:13  Drone x3  
  161  8:19  Zerg Ground Armor Level 2  
  164  8:22  Extractor  
  164  8:24  Drone x4  
  165  8:37  Hydralisk  
  165  8:39  Overlord x8  
  167  8:42  Zerg Melee Weapons Level 2  
  165  8:52  Adrenal Glands  
  165  8:53  Overlord  
  165  8:55  Drone x7  
  172  8:56  Overlord  
  172  8:57  Overlord  
  172  8:58  Baneling  
  172  8:59  Baneling x7  
  172  9:01  Hatchery  
  171  9:04  Zergling x22  
  174  9:10  Zergling x8  
  169  9:17  Muscular Augments, Viper  
  169  9:19  Drone x8  
  169  9:23  Burrow  
  180  9:29  Zergling x14  
  187  9:39  Extractor  
  187  9:40  Extractor  
  187  9:41  Drone x3  
  187  9:42  Drone x3, Overlord  
  187  9:45  Baneling x8  
  191  9:46  Zergling x14  
  191  9:49  Hatchery  
  191  9:51  Spore Crawler  
  196  9:54  Viper  
  196  9:58  Spire  
  196  9:59  Extractor  
  197  10:02  Pneumatized Carapace  
  197  10:03  Hatchery, Zergling x8  
  199  10:10  Zergling x8  
  199  10:11  Zergling x8  
  199  10:12  Baneling x3  
  199  10:13  Baneling x10  
  198  10:20  Viper  
  155  10:46  Zergling x58  
  179  10:54  Zergling x4  
  181  10:59  Zerg Ground Armor Level 3  
  181  11:00  Zerg Melee Weapons Level 3  
  181  11:03  Drone  
  181  11:04  Drone, Hatchery  
  183  11:07  Zergling x28  
  196  11:12  Spore Crawler  
  196  11:14  Baneling x13  
  196  11:15  Zergling x8  
  199  11:22  Overseer x3  
  187  11:34  Zergling x36  
  192  11:42  Zergling x16  
  174  11:56  Zergling x20  
  174  11:57  Zergling x24  
  174  12:00  Queen x2  
  178  12:06  Viper x2, Infestor  
  179  12:10  Zerg Flyer Weapons Level 1  
  179  12:11  Drone  
  180  12:17  Hydralisk x6  
  180  12:18  Zergling x12  
  180  12:21  Extractor x2  
  192  12:25  Drone x6  
  198  12:31  Baneling x18  
  188  12:41  Zergling x22, Overseer  
  197  12:47  Extractor  
  191  12:55  Drone x2  
  191  12:56  Spire  
  192  13:05  Extractor  
  191  13:08  Spine Crawler, Spore Crawler  
  191  13:10  Drone  
  191  13:11  Drone x5  
  191  13:12  Drone x4  
  197  13:13  Spine Crawler, Spore Crawler  
  197  13:15  Zergling x8  
  197  13:17  Spore Crawler, Spine Crawler  
  197  13:21  Baneling x17  
  197  13:22  Baneling x3  
  197  13:24  Spine Crawler, Hatchery  
  197  13:25  Spore Crawler  
  194  13:30  Baneling x3  
  193  13:43  Zergling x14  
  185  13:51  Zergling x42  
  195  14:04  Drone  
  195  14:05  Spine Crawler  
  195  14:06  Spore Crawler  
  195  14:08  Zergling x10  
  199  14:17  Zergling x24  
  196  14:20  Zergling x22  
  196  14:35  Zergling x42  
  194  14:40  Zergling x10  
  197  14:51  Zerg Flyer Weapons Level 2  
  197  14:52  Greater Spire  
  197  14:53  Zerg Missile Weapons Level 1  
  197  14:59  Drone x2  
  199  15:10  Extractor  
  199  15:11  Extractor  
  197  15:15  Drone x2  
  197  15:18  Overseer  
  194  15:25  Zergling x46  
  194  15:28  Hydralisk x6  
  189  15:29  Zergling x2  
  189  15:33  Zergling x10  
  189  15:34  Baneling x6  
  189  15:35  Baneling x3  
  189  15:37  Baneling x9  
  189  15:39  Overlord  
  188  15:43  Overseer  
  188  15:44  Drone x9  
  188  15:47  Drone x3  
  188  15:49  Baneling x2  
  193  16:12  Drone  
  193  16:13  Drone  
  193  16:14  Zergling x8  
  199  16:20  Baneling x13  
  199  16:23  Spine Crawler  
  192  16:30  Zergling x66  
  192  16:31  Zergling x4  
  194  16:35  Zergling x24  
  194  16:39  Spore Crawler  
  199  16:43  Baneling  
  199  16:44  Baneling x9  
  187  16:54  Zergling x30  
  187  16:59  Zerg Missile Weapons Level 2  
  199  17:01  Overseer x5  
  199  17:06  Zergling x2  
  199  17:08  Overseer, Zerg Flyer Armor Level 1  
  200  17:11  Baneling x9  
  173  17:25  Hydralisk x6  
  173  17:26  Viper  
  173  17:29  Zergling x26  
  200  17:49  Spine Crawler, Spore Crawler  
  193  17:53  Zergling x18  
  193  17:54  Zergling x4  
  193  17:57  Spine Crawler  
  177  18:07  Zergling x46  
  189  18:20  Zergling x8  
  189  18:21  Zergling x20  
  189  18:25  Zergling x8  
  189  18:35  Zergling x18  
  189  18:38  Baneling x11  
  199  18:44  Zerg Flyer Weapons Level 3  
  198  18:50  Baneling x16  
  195  18:57  Zergling x22  
  173  19:19  Zergling x58  
  176  19:27  Zergling x22  
  180  19:37  Drone  
  181  19:39  Zergling x26  
  194  19:47  Baneling x5  
  194  19:49  Drone  
  194  19:51  Zerg Flyer Armor Level 2  
  195  19:55  Baneling x11  
  161  20:07  Hydralisk x16  
  161  20:08  Hydralisk x5  
  178  20:15  Zergling x22  
  178  20:16  Zergling x8  
  178  20:19  Corruptor  
  182  20:21  Zergling x16  
  182  20:28  Hydralisk x7  
  183  20:30  Zerg Missile Weapons Level 3  
  198  20:48  Drone x8  
  200  20:53  Drone  
  200  20:54  Drone  
  198  20:59  Baneling x12  
  198  21:00  Drone x4  
  187  21:18  Zergling x2  
  187  21:21  Zergling x16  
  187  21:23  Zergling x20  
  186  21:26  Zergling x10  
  186  21:27  Overlord x3  
  188  21:34  Unknown  
  188  21:41  Overlord x7  
  188  21:43  Overseer x2  
  188  21:44  Overseer x2  
  188  21:48  Baneling x14  
  163  22:06  Zergling x20  
  163  22:07  Zergling x34  
  167  22:09  Overseer  
  167  22:10  Overseer  
  160  22:26  Zergling x8  
  160  22:27  Zergling x24  
  166  22:45  Zergling x26  
  171  22:53  Zergling x14  
  171  22:57  Baneling x19  
  171  22:59  Zergling x12  
  150  23:14  Hydralisk  
  150  23:15  Hydralisk x7  
  150  23:17  Zergling x12  
  134  23:27  Zergling x14  
  141  23:38  Viper x2  
  125  23:49  Zergling x20  
  125  23:50  Zergling x4  
  125  23:54  Baneling x9  
  124  23:57  Zergling x18  
  132  24:03  Zergling x2  
  132  24:05  Hydralisk x5  
  140  24:14  Zergling x4  
  140  24:16  Zergling x10  
  126  24:18  Zergling x2